 Dungeon Crawl Stone Soup version 0.29.1-2-gbd0b4ee654 (webtiles) character file.

Game seed: 12302199004026708203

10915 GorkyZ the Fighter (level 11, 0/95 HPs)
             Began as a Demonspawn Fighter on Nov 20, 2022.
             Was an Initiate of Gozag.
             Succumbed to Harold's poison
             ... on level 10 of the Dungeon.
             The game lasted 00:52:48 (14251 turns).

GorkyZ the Fighter (Demonspawn Fighter)            Turns: 14251, Time: 00:52:49

Health: 0/95       AC: 24    Str: 27    XL:     11   Next: 42%
Magic:  11/11      EV: 11    Int:  5    God:    Gozag
Gold:   860        SH:  5    Dex: 12    Spells: 10/10 levels left

rFire   + . .      SeeInvis .   J - +1 war axe (flame)
rCold   . . .      Faith    .   (no shield)
rNeg    . . .      Spirit   .   t - +11 plate armour "Tieska" {Str+6 Int-5}
rPois   .          Reflect  +   (no helmet)
rElec   .          Harm     .   i - +1 cloak
rCorr   .          Rampage  .   H - +0 pair of gloves
Will    .....      Rage     3%  O - +0 pair of boots
Stlth   ..........              p - amulet of reflection
HPRegen 0.25/turn               v - +4 ring of evasion
MPRegen 0.12/turn               (no ring)

@: lethally poisoned (0 -> -21), marked, corroded, gold aura, hasted, very quick
A: rugged brown scales 3, demonic magic 1, weakness stinger 2, berserk 1, fire
resistance 1
a: Renounce Religion, Potion Petition, Call Merchant, Bribe Branch


You were on level 10 of the Dungeon.
You worshipped Gozag.
Gozag was pleased with you.
You visited 2 branches of the dungeon, and saw 11 of its levels.

You collected 1940 gold pieces.
You spent 375 gold pieces at shops.
You paid 705 gold pieces to Gozag.

Inventory:

Hand Weapons
 a - a +0 trident
 k - a +0 spear of protection
 x - a +5 vorpal trident
 D - a +0 hand axe
 E - a +0 halberd
 F - a +0 halberd of flaming
 G - a +0 war axe
 J - a +1 war axe of flaming (weapon)
Missiles
 f - 8 boomerangs (quivered)
 l - 45 poisoned darts
 q - 5 curare-tipped darts
 P - 3 silver javelins
Armour
 b - a +0 scale mail
 c - a +0 buckler
 i - a +1 cloak (worn)
 o - a +0 cloak
 t - the +11 plate armour "Tieska" (worn) {Str+6 Int-5}
   (You found it on level 2 of the Dungeon)

   Str:       It affects your strength (+6).
   Int:       It affects your intelligence (-5).
 H - a +0 pair of gloves (worn)
 O - a +0 pair of boots (worn)
Jewellery
 p - an amulet of reflection (around neck)
 v - a +4 ring of evasion (left hand)
 y - an amulet of guardian spirit
 A - an amulet of magic regeneration
Wands
 u - a wand of light (7)
 C - a wand of flame (25)
 K - a wand of paralysis (7)
 N - a wand of iceblast (14)
 S - a wand of digging (4)
Scrolls
 e - a scroll of vulnerability
 h - a scroll of amnesia
 m - 2 scrolls of noise
 n - 2 scrolls of fear
 s - a scroll of torment
 w - 7 scrolls of teleportation
 B - a scroll of summoning
 I - a scroll of enchant weapon
 M - a scroll of enchant armour
 Q - 2 scrolls of identify
Potions
 d - a potion of might
 g - 3 potions of cancellation
 j - a potion of heal wounds {unknown}
 r - 3 potions of degeneration
 z - a potion of lignification
 L - 4 potions of curing
 R - a potion of haste


   Skills:
 + Level 9.2 Fighting
 * Level 5.1(5.9) Axes
 - Level 4.4(5.6) Polearms
 + Level 7.8 Throwing
 + Level 8.4 Armour
 + Level 7.5 Shields


You had 10 spell levels left.
You didn't know any spells.
Your spell library contained the following spells:

 Spells                   Type           Power      Damage    Failure   Level
 Freeze                   Ice            0%         1d3       99%         1
 Sting                    Tmut/Pois      0%         1d3       99%         1
 Ensorcelled Hibernation  Hex/Ice        0%         N/A       100%        2
 Passwall                 Tmut/Erth      0%         N/A       100%        2
 Poisonous Vapours        Pois/Air       0%         N/A       100%        2
 Frozen Ramparts          Ice            0%         1d1       100%        3
 Inner Flame              Hex/Fire       0%         N/A       100%        3
 Swiftness                Air            0%         N/A       100%        3
 Teleport Other           Tloc           0%         N/A       100%        3
 Cause Fear               Hex            0%         N/A       100%        4
 Fulminant Prism          Conj/Hex       0%         3d6       100%        4
 Hailstorm                Conj/Ice       0%         3d3       100%        4
 Iskenderun's Mystic Bla  Conj/Tloc      0%         2d3       100%        4
 Olgreb's Toxic Radiance  Pois           0%         N/A       100%        4
 Passage of Golubria      Tloc           0%         N/A       100%        4
 Summon Forest            Summ/Tloc      0%         N/A       100%        5
 Starburst                Conj/Fire      0%         6d3       100%        6
 Malign Gateway           Summ/Tloc      0%         N/A       100%        7
 Ozocubu's Refrigeration  Ice            0%         4d7       100%        7
 Spellforged Servitor     Conj/Summ      0%         N/A       100%        7
 Discord                  Hex            0%         N/A       100%        8
 Ignition                 Fire           0%         3d3       100%        8
 Summon Horrible Things   Summ           0%         N/A       100%        8


Dungeon Overview and Level Annotations

Branches:
Dungeon (10/15)            Temple (1/1) D:4            Lair (0/5) D:9
    Orc: D:9-12

Altars:
Ashenzari
Cheibriados
Dithmenos
Fedhas
Gozag
Hepliaklqana
Kikubaaqudgha
Makhleb
Nemelex Xobeh
Okawaru
Qazlal
Ru
Sif Muna
Trog
Uskayaw
Vehumet
Wu Jian
Xom
Yredelemnul

Shops:
D:2 :   D:7 *   D:9 *(

Annotations:
D:10 Harold


Innate Abilities, Weirdness & Mutations

You are completely covered in rugged brown scales. (AC +3, +7% HP)
Spells you cast may paralyse adjacent enemies.
You have a tail ending in a sharp stinger.
You sometimes lose your temper in combat.
Your flesh is heat resistant. (rF+)


Message History

The acid dragon claws you.
* * * LOW HITPOINT WARNING * * *
You feel yourself speed up.
* * * LOW HITPOINT WARNING * * *
You feel very sick. Harold hits you but does no damage.
You are lethally poisoned!
The acid dragon bites you but does no damage.
The acid dragon closely misses you.
You hit Harold but do no damage. You tail-slap Harold.
Harold is heavily wounded.
You barely miss the acid dragon.
* * * LOW HITPOINT WARNING * * *
You feel very sick.
A yak comes into view.
The acid dragon closely misses you. You block the acid dragon's attack.
Harold hits you but does no damage.
You are more poisoned.
You closely miss Harold.
Harold is heavily wounded.
You slash the acid dragon! You burn the acid dragon.
You kill the acid dragon!
* * * LOW HITPOINT WARNING * * *
You feel very sick. Harold hits you but does no damage.
A yak comes into view.
You hit Harold. You burn Harold.
Harold is heavily wounded.
* * * LOW HITPOINT WARNING * * *
You feel very sick.
You slash Harold! You burn Harold.
Harold is severely wounded.
* * * LOW HITPOINT WARNING * * *
You feel very sick. Harold barely misses you.
The yak is distracted by your dazzling golden aura.
You barely miss Harold.
Harold is severely wounded.
You die...
Your body crumbles into a pile of gold.

###.######.#
#..........#
#......##..#
#..[...##..#
#......#...#
#......#..###
#............
#.........##
###.#@#...#
#.#<@=..Y..
#.#.##.###Y
#.#.. ..
#.#.. .#
#.#..# # #..#
#...


You could see Harold and 2 yaks.

Vanquished Creatures
  3 death yaks (D:9)
  The ghost of ripuliukko the Fighter, a novice MiFi of Okawaru (D:6)
  A gargoyle (D:9)
  An unseen horror (D:10)
  A kobold demonologist (D:6)
  2 trolls
  4 wraiths
  2 vampires (D:9)
  8 yaks
  A wyvern (D:10)
  Eustachio (D:4)
  2 acid dragons
  2 water moccasins
  3 ice beasts
  2 sky beasts
  2 black bears (D:8)
  5 orc warriors
  2 centaurs (D:9)
  Blork the orc (D:4)
  4 bullfrogs
  12 kobold brigands
  2 gnoll sergeants
  2 scorpions
  A necrophage (D:8)
  A wight (D:9)
  11 killer bees
  A howler monkey (D:9)
  2 jellies (D:5)
  8 orc priests
  3 hounds
  13 orc wizards
  3 iguanas
  3 gnolls (D:6)
  14 adders
  2 white imps
  An ufetubus (D:7)
  5 worms
  A dart slug (D:3)
  33 orcs
  6 ball pythons
  5 bats
  6 endoplasms
  8 giant cockroaches
  2 goblins (D:4)
  3 hobgoblins
  7 jackals
  7 quokkas
  3 frilled lizards (D:2)
  25 kobolds
  4 rats
242 creatures vanquished.

Vanquished Creatures (collateral kills)
  Prince Ribbit (D:9)
  A steam dragon (D:6)
  2 wights (D:9)
  A killer bee (D:7)
  A hell rat (D:9)
  7 kobolds
13 creatures vanquished.

Vanquished Creatures (others)
  An orc priest (D:9)
  10 fungi (D:8)
  4 plants (D:8)
15 creatures vanquished.

Grand Total: 270 creatures vanquished

Notes
Turn   | Place    | Note
-------+----------+-------------------------------------------
     0 | D:1      | GorkyZ the Demonspawn Fighter began the quest for the Orb.
     0 | D:1      | Reached XP level 1. HP: 18/18 MP: 1/1
   423 | D:1      | Gained mutation: You are partially covered in rugged brown
                  | scales. (AC +1, +3% HP) [demonic ancestry]
   423 | D:1      | Reached XP level 2. HP: 18/24 MP: 2/2
   889 | D:2      | Reached skill level 1 in Throwing
  1160 | D:2      | Reached XP level 3. HP: 23/29 MP: 3/3
  1327 | D:2      | Found Dofa's Book Shop.
  1690 | D:2      | Found a faded altar of an unknown god.
  1698 | D:2      | Identified the +11 plate armour "Tieska" {Str+6 Int-5}
  1848 | D:2      | Gained mutation: You have a small tail. [demonic ancestry]
  1848 | D:2      | Reached XP level 4. HP: 38/38 MP: 4/4
  2116 | D:3      | Reached skill level 4 in Fighting
  2147 | D:3      | Reached XP level 5. HP: 42/43 MP: 5/5
  2378 | D:3      | Found a snail-covered altar of Cheibriados.
  3011 | D:4      | Found a broken altar of Ashenzari.
  3245 | D:4      | Noticed Blork the orc
  3257 | D:4      | Killed Blork the orc
  3258 | D:4      | Gained mutation: You are mostly covered in rugged brown
                  | scales. (AC +2, +5% HP) [demonic ancestry]
  3258 | D:4      | Reached XP level 6. HP: 42/51 MP: 6/6
  3357 | D:4      | Found a staircase to the Ecumenical Temple.
  3364 | Temple   | Entered the Ecumenical Temple
  3745 | D:4      | Noticed Eustachio
  3881 | D:4      | Killed Eustachio
  3882 | D:4      | Reached skill level 5 in Fighting
  4231 | D:5      | Entered Level 5 of the Dungeon
  4328 | D:5      | Found an opulent altar of Gozag.
  4440 | D:5      | Became a worshipper of Gozag Ym Sagoz the Greedy
  4612 | D:5      | Gained mutation: You are completely covered in rugged brown
                  | scales. (AC +3, +7% HP) [demonic ancestry]
  4612 | D:5      | Reached XP level 7. HP: 17/59 MP: 7/7
  5760 | D:6      | Noticed a steam dragon
  5910 | D:6      | Killed a steam dragon
  5911 | D:6      | Reached skill level 5 in Armour
  6421 | D:6      | Reached XP level 8. HP: 58/68 MP: 8/8
  6496 | D:6      | Found a burning altar of Makhleb.
  6562 | D:6      | Reached skill level 6 in Fighting
  7436 | D:6      | Reached skill level 5 in Throwing
  7882 | D:6      | Found a runed translucent gate.
  7882 | D:6      | Found a runed translucent gate.
  7882 | D:6      | Found a runed translucent gate.
  7882 | D:6      | Noticed ripuliukko's ghost (novice MiFi)
  7883 | D:6      | Noticed a kobold demonologist
  8147 | D:7      | Found Guonlaxtey's Assorted Antiques.
  8155 | D:7      | Bought a runed halberd for 154 gold pieces
  8156 | D:7      | Bought a scroll labelled YMEPHIHIQU for 22 gold pieces
  8156 | D:7      | Bought a pair of gloves for 99 gold pieces
  8160 | D:7      | Gained mutation: You sometimes lose your temper in combat.
                  | [potion of mutation]
  8160 | D:7      | Gained mutation: Your flesh is heat resistant. (rF+)
                  | [potion of mutation]
  8554 | D:7      | Reached skill level 5 in Shields
  8554 | D:7      | Gained mutation: Spells you cast may paralyse adjacent
                  | enemies. [demonic ancestry]
  8554 | D:7      | Reached XP level 9. HP: 75/75 MP: 9/9
  8680 | D:7      | Reached skill level 7 in Fighting
  9593 | D:8      | Found a blossoming altar of Fedhas.
 10315 | D:8      | Got the Tractate on Combat Magic and the Compass
 10544 | D:8      | Found a stormy altar of Qazlal.
 11058 | D:6      | Killed ripuliukko's ghost
 11059 | D:6      | Gained mutation: You have a tail ending in a sharp stinger.
                  | [demonic ancestry]
 11059 | D:6      | Reached XP level 10. HP: 85/85 MP: 10/10
 11066 | D:6      | Reached skill level 8 in Fighting
 11355 | D:6      | Got the Guidebook on Elsewhere
 11518 | D:9      | Found Xowe's General Store.
 11757 | D:9      | Found a hazy altar of Hepliaklqana.
 11757 | D:9      | Noticed a gargoyle
 11758 | D:9      | Found a faded altar of an unknown god.
 11770 | D:9      | Killed a gargoyle
 11771 | D:9      | Reached skill level 1 in Axes
 11976 | D:9      | Noticed a death yak
 11976 | D:9      | Noticed a death yak
 11979 | D:9      | Noticed a death yak
 11979 | D:9      | Noticed Prince Ribbit
 12001 | D:9      | Killed a death yak
 12008 | D:9      | Killed a death yak
 12013 | D:9      | HP: 4/130 [death yak (10)]
 12014 | D:9      | Killed a death yak
 12046 | D:9      | Killed Prince Ribbit
 12382 | D:9      | Found a staircase to the Lair.
 12490 | D:9      | Reached XP level 11. HP: 24/93 MP: 11/11
 13039 | D:9      | Found a shimmering altar of Xom.
 13061 | D:9      | Reached skill level 9 in Fighting
 13595 | D:9      | Found an ancient bone altar of Kikubaaqudgha.
 13648 | D:9      | Bought 3 silver javelins for 100 gold pieces
 13652 | D:10     | Entered Level 10 of the Dungeon
 13946 | D:10     | Reached skill level 5 in Axes
 14237 | D:10     | Noticed Harold
 14250 | D:10     | HP: 4/95 [poisoned by Harold]
 14251 | D:10     | Succumbed to Harold's poison

Illustrated notes

Levels and vault maps discovered:
D:1:      saegor_arrival_simple_e, layout_basic, serial_bayou_pond_c,
          nicolae_concentric_dashed_squares_wild, minmay_tiny_reverse_x
D:2:      layout_loops_ring, hellmonk_ecumenical_altar_lost_god, serial_shops,
          shop, chequers_serial_rivers_marsh
D:3:      layout_loops_corners, kennysheep_slug_shrine
D:4:      layout_basic, ashenzari_altar_1, minmay_temple_entry_drinking_statues,
          abandoned_shop, uniq_eustachio, uniq_blork_the_orc
D:5:      layout_loops_corners, grunt_gozag_statues, gup_sewer_entry_bubbles
D:6:      layout_gridville, mainiacjoe_overflow_paths, kennysheep_mini_moat,
          gammafunk_ghost_nasty_kobolds
D:7:      layout_layer_cave, serial_shops, shop_fountains
D:8:      layout_rooms, fedhas_altar_3, lemuel_round_altar, minmay_between
D:9:      layout_loops_ring, xom_confusion_cloud,
          beargit_hepliaklqana_dungeon_heroes, marbit_many_paths,
          dpeg_lair_monsters, serial_shops, nicolae_shop_waterfront,
          uniq_prince_ribbit1
D:10:     layout_basic, uniq_harold
Temple:   hc_temple_tempest_star

Skill      XL: |  1  2  3  4  5  6  7  8  9 10 11 |
---------------+----------------------------------+-----
Throwing       | 1 2 3 4 5 6 7 |  7.8
Armour         | 3 4 5 6 7 8 |  8.4
Fighting       | 4 5 6 7 8 9 |  9.2
Shields        | 3 5 6 7 |  7.5
Polearms       | 2 4 |  4.4
Axes           | 3 5 |  5.1

Action                   |  1- 3 |  4- 6 |  7- 9 | 10-12 || total
-------------------------+-------+-------+-------+-------++-------
Melee: Trident           |    31 |       |    30 |       ||    61
       Spear             |   130 |   356 |   341 |       ||   827
       Tailslap          |       |    39 |    53 |    54 ||   146
       Halberd           |       |       |   189 |    30 ||   219
       War axe           |       |       |       |   170 ||   170
       Punch             |       |       |       |     1 ||     1
Throw: Boomerang         |       |       |    29 |    42 ||    71
Invok: Call Merchant     |       |       |       |     1 ||     1
Evoke: Wand              |       |       |       |     5 ||     5
  Use: Scroll            |       |       |    20 |     3 ||    23
       Potion            |       |       |     4 |     6 ||    10
 Stab: Distracted        |       |       |     1 |       ||     1
Armor: Scale mail        |    46 |       |       |       ||    46
       Plate armour      |     3 |   146 |   438 |   239 ||   826
Dodge: Dodged            |    56 |   116 |   294 |   125 ||   591
Block: Buckler           |    47 |   123 |   231 |       ||   401
       Reflection        |       |     2 |    10 |       ||    12
       Other             |       |       |    72 |    54 ||   126
